 Dungeon Crawl Stone Soup version 0.18.1-48-g4cf74bf (webtiles) character file.

58 Dickchan the Chiller (level 4, -19/30 HPs)
             Began as a Merfolk Ice Elementalist on Aug 28, 2016.
             Killed from afar by loom's ghost (29 damage)
             ... with an orb of energy
             ... on level 3 of the Dungeon.
             The game lasted 00:03:28 (1327 turns).

Dickchan the Chiller (Merfolk Ice Elementalist)     Turns: 1327, Time: 00:03:29

Health: -19/30     AC:  2    Str:  8    XL:     4   Next: 1%
Magic:  2/7        EV: 13    Int: 15    God:
Gold:   88         SH:  0    Dex: 14    Spells: 1 memorised, 6 levels left

rFire  . . .     SeeInvis .     (no weapon)
rCold  . . .     Gourm    .     a - +0 robe
rNeg   . . .     Faith    .     (no shield)
rPois  .         Spirit   .     (no helmet)
rElec  .         Dismiss  .     (no cloak)
rCorr  .         Reflect  .     (no gloves)
SustAt .         Harm     .     (no boots)
MR     .....                    (no amulet)
Stlth  ++........               (no ring)
                                (no ring)

@: not resistant to hostile enchantments, unstealthy
A: change form in water, swift swim
a: no special abilities


You were on level 3 of the Dungeon.
You were not hungry.

You visited 1 branch of the dungeon, and saw 3 of its levels.

You collected 88 gold pieces.

Inventory:

Armour
 a - a +0 robe (worn)
Jewellery
 e - an uncursed amulet of regeneration {unknown}
 m - an uncursed ring of protection from fire {unknown}
Scrolls
 g - a scroll of teleportation {unknown}
 l - 2 scrolls of enchant armour {unknown}
 n - a scroll of amnesia {unknown}
 q - 2 scrolls of identify {unknown}
 r - a scroll of blinking {unknown}
Potions
 f - a potion of magic {unknown}
 i - a potion of flight {unknown}
 k - a potion of ambrosia {unknown}
 o - a potion of curing {unknown}
 p - a potion of might {unknown}
 s - a potion of mutation {unknown}
Books
 b - a book of Frost

   Spells                             Type                      Level
   a - Freeze                         Ice                          1
   b - Throw Frost                    Conjuration/Ice              2
   c - Ozocubu's Armour               Charms/Ice                   3
   d - Throw Icicle                   Conjuration/Ice              4
   e - Summon Ice Beast               Ice/Summoning                4
Comestibles
 c - 3 bread rations
 d - a slice of pizza
 h - a beef jerky
 j - a meat ration


   Skills:
 - Level 2.6 Dodging
 - Level 2.1 Stealth
 - Level 2.0 Spellcasting
   Level 0.7 Conjurations
 + Level 5.2 Ice Magic


You had 6 spell levels left.
You knew the following spells:

 Your Spells              Type           Power        Failure   Level  Hunger
a - Freeze                Ice            ###.         2%          1    #......


Dungeon Overview and Level Annotations

Branches:
Dungeon (3/15)

Altars:

Annotations:
D:3 loom's ghost, amateur DECj


Message History

Press: ? - help, Shift-Dir - straight line, f - hobgoblin
Aim: a hobgoblin You freeze the hobgoblin.
The hobgoblin is severely wounded.
The hobgoblin misses you.
Casting: Freeze
Confirm with . or Enter, or press ? or * to list all spells.
Aiming: Freeze
Press: ? - help, Shift-Dir - straight line, f/p - hobgoblin
Aim: a hobgoblin (severely wounded)
You freeze the hobgoblin.
You kill the hobgoblin!
You have reached level 4!
Loom's ghost points at you and mumbles some strange words.
The orb of energy hits you!
Ouch! That really hurt!
Loom's ghost casts a spell at you. The orb of energy hits you!
Ouch! That really hurt!
You die...

#####.... #.......
#.....(
###.....######
.............#
####.....####.####...
#....#.....@.........
#..<†...#..#######
#####.####†#
#>....W#######...
######.g.........
####g###### #.# #g#
#.#


You could see loom's ghost and a hobgoblin.

Vanquished Creatures
  An adder (D:3)
  2 dart slugs
  A ball python (D:1)
  4 bats (D:1)
  2 giant cockroaches (D:2)
  6 goblins
  7 hobgoblins
  5 kobolds
  3 quokkas
  4 giant newts
  5 rats
40 creatures vanquished.

Notes
Turn   | Place    | Note
--------------------------------------------------------------
     0 | D:1      | Dickchan the Merfolk Ice Elementalist began the quest for the Orb.
     0 | D:1      | Reached XP level 1. HP: 13/13 MP: 3/3
   201 | D:1      | Reached XP level 2. HP: 16/19 MP: 3/5
   289 | D:1      | Reached skill level 4 in Ice Magic
   847 | D:2      | Reached XP level 3. HP: 24/24 MP: 4/6
  1241 | D:3      | Reached skill level 5 in Ice Magic
  1312 | D:3      | Noticed loom's ghost (amateur DECj)
  1326 | D:3      | Reached XP level 4. HP: 30/30 MP: 2/7
  1327 | D:3      | Killed from afar by loom's ghost

Skill      XL: |  1  2  3 |
---------------+----------+-----
Ice Magic      | 4 5 |  5.2
Dodging        | |  2.6
Stealth        | |  2.1
Spellcasting   | |  2.0
Conjurations   | |  0.7

Action                   |  1- 3 |  4- 6 || total
-------------------------+-------+-------++-------
Melee: Unarmed           |    12 |       ||    12
 Cast: Freeze            |    58 |     1 ||    59
 Stab: Sleeping          |     1 |       ||     1
  Eat: Chunk             |     2 |       ||     2
Armor: Robe              |     6 |       ||     6
Dodge: Dodged            |    34 |       ||    34
